 Dungeon Crawl Stone Soup version 0.28.0-45-g0d030f2227 (webtiles) character file.

Game seed: 16122471002046482376

132 Draugr the Sneak (level 4, -2/22 HPs)
             Began as a Vampire Enchanter on Apr 16, 2022.
             Was an Initiate of Sif Muna.
             Slain by a gnoll
             ... wielding a +0 flail
              (14 damage)
             ... on level 3 of the Dungeon.
             The game lasted 00:12:44 (2039 turns).

Draugr the Sneak (Vampire Enchanter)                Turns: 2039, Time: 00:12:45

Health: -2/22      AC:  3    Str:  6 (7)  XL:     4   Next: 92%
Magic:  1/8        EV: 13    Int: 18 (19) God:    Sif Muna [......]
Gold:   100        SH:  0    Dex: 14      Spells: 4/9 levels left

rFire   . . .      SeeInvis +   g - +1 dagger (freeze)
rCold   + + .      Faith    .   (no shield)
rNeg    + + +      Spirit   .   b - +0 robe
rPois   ∞          Reflect  .   (no helmet)
rElec   .          Harm     .   (no cloak)
rCorr   .          Rampage  .   l - +0 pair of gloves
Will    .....                   (no boots)
Stlth   +++++.....              (no amulet)
HPRegen 0.00/turn               (no ring)
MPRegen 0.11/turn               (no ring)

@: very slightly contaminated, bloodless, inhibited regen
A: bloodless, fangs 3, see invisible, vampiric 2, [frail 1]
a: Bat Form, Revivify, Renounce Religion


You were on level 3 of the Dungeon.
You worshipped Sif Muna.
Sif Muna was noncommittal.
You visited 1 branch of the dungeon, and saw 3 of its levels.

You collected 100 gold pieces.

Inventory:

Hand Weapons
 a - a +1 dagger
 g - a +1 dagger of freezing (weapon)
 m - a +0 dagger of speed
Armour
 b - a +0 robe (worn)
 l - a +0 pair of gloves (worn)
Scrolls
 d - 2 scrolls of identify {unknown}
 e - a scroll of blinking {unknown}
 h - 2 scrolls of enchant armour {unknown}
 i - a scroll of magic mapping {unknown}
Potions
 c - a potion of invisibility
 f - 2 potions of mutation {unknown}
 j - a potion of curing {unknown}
 k - a potion of lignification {unknown}


   Skills:
 - Level 1.1 Fighting
 + Level 1.1 Short Blades
 - Level 3.0 Dodging
 - Level 6.5 Stealth
 - Level 3.1 Spellcasting
 - Level 4.4 Hexes


You had 4 spell levels left.
You knew the following spells:

 Your Spells              Type           Power      Damage    Failure   Level
a - Ensorcelled Hibernat  Hex/Ice        20%        N/A       10%         2
b - Dazzling Flash        Conj/Hex       20%        N/A       21%         3

Your spell library contained the following spells:

 Spells                   Type           Power      Damage    Failure   Level
 Confusing Touch          Hex            18%        N/A       8%          3
 Tukima's Dance           Hex            18%        N/A       8%          3
 Magic Dart               Conj           8%         1d3       16%         1
 Call Imp                 Summ           2%         N/A       24%         2
 Mephitic Cloud           Conj/Pois/Air  2%         N/A       43%         3


Dungeon Overview and Level Annotations

Branches:
Dungeon (3/15)

Altars:
Fedhas
Sif Muna
Xom

Annotations:
D:3 2 transporters, Elsvaer's ghost, amateur DEEE


Innate Abilities, Weirdness & Mutations

You do not regenerate when monsters are visible.
You are frail without blood (-20% HP).
You can heal yourself when you bite living creatures.
You are immune to poison.
You have razor-sharp teeth.
You have supernaturally acute eyesight. (SInv)
You are afflicted with vampirism and can become a bat while bloodless.
[You are frail. (-10% HP)]


Message History

A gnoll comes into view. It is wielding a +0 flail.
The gnoll barely misses you.
You feel your dexterity returning.
Your Fighting skill increases to level 1!
Casting: Ensorcelled Hibernation (safe; 10% risk of failure)
Confirm with . or Enter, or press ? or * to list all spells.
Aiming: Ensorcelled Hibernation (safe; 10% risk of failure)
Press: ? - help, Shift-Dir - straight line, f - gnoll
Aim: a gnoll, wielding a +0 club (chance to affect: 52%)
The gnoll resists with significant effort.
The gnoll hits you but does no damage.
Casting: Ensorcelled Hibernation (safe; 10% risk of failure)
Confirm with . or Enter, or press ? or * to list all spells.
Aiming: Ensorcelled Hibernation (safe; 10% risk of failure)
Press: ? - help, Shift-Dir - straight line, f/p - gnoll
Aim: a gnoll, wielding a +0 club (chance to affect: 52%)
You miscast Ensorcelled Hibernation.
You are very lightly contaminated with residual magic.
Nothing appears to happen.
The gnoll barely misses you.
Casting: Ensorcelled Hibernation (safe; 10% risk of failure)
Confirm with . or Enter, or press ? or * to list all spells.
Aiming: Ensorcelled Hibernation (safe; 10% risk of failure)
Press: ? - help, Shift-Dir - straight line, f/p - gnoll
Aim: a gnoll, wielding a +0 club (chance to affect: 52%)
The gnoll resists with significant effort.
The gnoll barely misses you.
Casting: Ensorcelled Hibernation (safe; 10% risk of failure)
Confirm with . or Enter, or press ? or * to list all spells.
You don't have enough magic to cast this spell.
Unknown command.
You barely miss the gnoll. The gnoll closely misses you.
You closely miss the gnoll. Your bite misses the gnoll. You hit the gnoll.
You freeze the gnoll.
The gnoll is moderately wounded.
The gnoll hits you with a +0 club. The gnoll barely misses you.
You hit the gnoll but do no damage.
The gnoll is moderately wounded.
The gnoll hits you with a +0 club! The gnoll hits you with a +0 flail!
Ouch! That really hurt!
You die...

# #.........###.........# .
.............+.........# #..
.#########.###.........# ....
'................>....# #...
###.........##+#......## #...
#.........##.......... ....
#......†..###.#.#'.### ....
#...gg................ ....
#....@............©... ...#
#...........##########
...##########..........#.ZZ......
...#....'._⌠##.........#.........
####....'._⌠##......†..#..##...##
#...######..........#..#8...8#
####..######...........#..##...##
#.##.......#...........# .. ..
#..........###'####....#..##...##


You could see 2 gnolls.

Vanquished Creatures
  A hound (D:3)
  A gnoll (D:3)
  3 adders
  A worm (D:2)
  A dart slug (D:1)
  2 orcs (D:3)
  5 bats
  5 endoplasms
  3 giant cockroaches
  5 goblins
  8 hobgoblins
  A quokka (D:3)
  7 ball pythons
  2 frilled lizards
  2 kobolds
  10 rats
57 creatures vanquished.

Vanquished Creatures (others)
  9 plants (D:2)
9 creatures vanquished.

Grand Total: 66 creatures vanquished

Notes
Turn   | Place    | Note
-------+----------+-------------------------------------------
     0 | D:1      | Draugr the Vampire Enchanter began the quest for the Orb.
     0 | D:1      | Reached XP level 1. HP: 13/13 MP: 3/3
   144 | D:1      | Reached XP level 2. HP: 7/19 MP: 5/5
   147 | D:1      | Learned a level 2 spell: Ensorcelled Hibernation
   830 | D:2      | Gained mutation: You are afflicted with vampirism and can
                  | become a bat while bloodless. [Vampire growth]
   830 | D:2      | Reached XP level 3. HP: 19/19 MP: 5/7
  1084 | D:2      | Found a faded altar of an unknown god.
  1234 | D:2      | Reached skill level 5 in Stealth
  1568 | D:3      | Reached XP level 4. HP: 21/21 MP: 8/8
  1572 | D:3      | Learned a level 3 spell: Dazzling Flash
  1580 | D:3      | Found a shimmering blue altar of Sif Muna.
  1580 | D:3      | Found a blossoming altar of Fedhas.
  1584 | D:3      | Became a worshipper of Sif Muna the Loreminder
  1736 | D:3      | Found a shimmering altar of Xom.
  1844 | D:3      | Reached skill level 6 in Stealth
  1907 | D:3      | Found a transporter.
  1909 | D:3      | Noticed Elsvaer's ghost (amateur DEEE)
  1914 | D:3      | Found a transporter.
  2033 | D:3      | Reached skill level 1 in Fighting
  2039 | D:3      | Slain by a gnoll

Illustrated notes

Levels and vault maps discovered:
D:1:      lordsloth_arrival_two_stooges, layout_basic
D:2:      layout_rooms, serial_forest, infiniplex_forest_lined_2,
          infiniplex_forest_lined_ring, infiniplex_forest_clump_C,
          infiniplex_forest_zigzag_1, infiniplex_forest_corner_2,
          infiniplex_forest_end_double, infiniplex_forest_clump_diagonal,
          hellmonk_ecumenical_altar_run_dry, kennysheep_nondescript,
          nicolae_concentric_dashed_squares_wild
D:3:      layout_basic, overflow_temple_1_default,
          gammafunk_temple_overflow_wave, gammafunk_ghost_mausoleum

Skill      XL: |  1  2  3  4 |
---------------+-------------+-----
Dodging        | 3 |  3.0
Spellcasting   | 3 |  3.1
Stealth        | 5 6 |  6.5
Fighting       | 1 |  1.1
Short Blades   | |  1.1
Hexes          | |  4.4

Action                   |  1- 3 |  4- 6 || total
-------------------------+-------+-------++-------
Melee: Dagger            |    90 |    33 ||   123
       Bite              |     5 |     1 ||     6
 Cast: Ensorcelled Hiber |    12 |     8 ||    20
 Abil: Exsanguinate      |     2 |       ||     2
       Bat Form          |     1 |       ||     1
       Revivify          |     1 |       ||     1
 Stab: Sleeping          |    27 |     7 ||    34
Armor: Robe              |    14 |    11 ||    25
Dodge: Dodged            |    56 |    26 ||    82
